 Dungeon Crawl Stone Soup version 0.16.1-2-g95b8d4c (webtiles) character file.

210 Leibowitz the Ducker (level 5, -2/44 HPs)
             Began as a Demigod Gladiator on Mar 25, 2015.
             Slain by an orc wizard
             ... wielding a +0 dagger
              (6 damage)
             ... on level 3 of the Dungeon.
             The game lasted 00:08:14 (2701 turns).

Leibowitz the Ducker (Demigod Gladiator)            Turns: 2701, Time: 00:08:15

Health: -2/44      AC:  4    Str: 18    XL:     5   Next: 30%
Magic:  8/8        EV: 14    Int: 12    God:
Gold:   156        SH:  0    Dex: 18    Spells: 0 memorised, 4 levels left

rFire  + . .     SeeInvis .     a - +0 trident
rCold  . . .     Clarity  .     b - +0 leather armour
rNeg   . . .     SustAb   +     (no shield)
rPois  .         Gourm    .     c - +0 helmet
rElec  .         Spirit   .     (no cloak)
rCorr  +         Warding  .     (no gloves)
rMut   .         Stasis   .     (no boots)
MR     .....                    j - amulet of resist corrosion
Stlth  +.........               u - ring of sustain abilities
                                e - ring of protection from fire

@: confused, not resistant to hostile enchantments, very unstealthy
A: sustain abilities
a: no special abilities


You were on level 3 of the Dungeon.
You were not hungry.

You visited 1 branch of the dungeon, and saw 3 of its levels.

You collected 156 gold pieces.

Inventory:

Hand weapons
 a - a +0 trident (weapon)
Missiles
 d - 3 throwing nets
 o - 5 javelins (quivered)
Armour
 b - a +0 leather armour (worn)
 c - a +0 helmet (worn)
Jewellery
 e - a ring of protection from fire (left hand)
 j - an amulet of resist corrosion (around neck)
 u - a ring of sustain abilities (right hand)
Scrolls
 g - 3 scrolls of remove curse {unknown}
 q - 2 scrolls of identify {unknown}
 r - a scroll of enchant weapon {unknown}
 v - a scroll of blinking {unknown}
 w - a scroll of enchant armour {unknown}
 x - a scroll of recharging {unknown}
Potions
 i - a potion of agility
 n - a potion of cancellation
Comestibles
 f - 4 bread rations
 h - a chunk of flesh
 k - 2 meat rations
 m - a royal jelly
 t - a slice of pizza


   Skills:
 + Level 2.8 Fighting
 + Level 3.5 Polearms
 + Level 2.2 Throwing
 + Level 1.8 Armour
 + Level 3.8 Dodging
 + Level 0.6 Stealth


You had 4 spell levels left.
You didn't know any spells.

Dungeon Overview and Level Annotations

Branches:
Dungeon (3/15)


Innate Abilities, Weirdness & Mutations

Your attributes are resistant to harm.


Message History

* * * LOW HITPOINT WARNING * * *
You hit something. Something hits you.
* * * LOW HITPOINT WARNING * * *
You closely miss something.
You hear some strange, mumbled words.
You are confused.
You bump into the rock wall.
You hear some strange, mumbled words.
Something tries to affect you, but you resist.
You bump into the rock wall.
Something hits you.
* * * LOW HITPOINT WARNING * * *
You barely miss something.
An orc wizard appears from thin air!
Reactivating autopickup.
The orc wizard closely misses you.
You closely miss the orc wizard.
The orc wizard is moderately wounded.
The orc wizard hits you with a dagger.
* * * LOW HITPOINT WARNING * * *
The orc wizard hits you with a dagger.
You die...

########### ####
#.........# ...#
#.#######.# ...# #.# #.#
...# #.# #.# ...# #.# #@#
####### ...# #.#
##o###..).)######.# .###
#.######....'{....').....#
.###
#.....#######.....##.....#
...### #####.# #.....#
###.# .#...# ####'####
#..<..# .#.[.# #.......#
#....(# .+...# #.......#
#.....# .#...# #.......#
#.....#


You could see an orc wizard.

Vanquished Creatures
  An ogre (D:3)
  Jessica (D:2)
  2 adders
  3 worms
  3 giant geckos
  An ooze (D:2)
  3 orcs (D:3)
  7 bats
  3 giant cockroaches
  9 goblins
  7 hobgoblins
  5 jackals
  5 kobolds
  3 quokkas
  3 giant newts
  2 rats
58 creatures vanquished.

Vanquished Creatures (others)
  A hobgoblin (D:1)
  A rat (D:1)
2 creatures vanquished.

Grand Total: 60 creatures vanquished

Notes
Turn   | Place    | Note
--------------------------------------------------------------
     0 | D:1      | Leibowitz, the Demigod Gladiator, began the quest for the Orb.
     0 | D:1      | Reached XP level 1. HP: 17/17 MP: 2/2
   212 | D:1      | Reached XP level 2. HP: 16/24 MP: 3/3
   333 | D:1      | Reached skill level 3 in Dodging
  1125 | D:2      | Reached XP level 3. HP: 26/29 MP: 5/5
  1523 | D:2      | Noticed Jessica
  1539 | D:2      | Killed Jessica
  1611 | D:2      | Reached XP level 4. HP: 37/37 MP: 7/7
  1821 | D:3      | Reached skill level 1 in Armour
  2283 | D:3      | Noticed an ogre
  2290 | D:3      | Killed an ogre
  2290 | D:3      | Reached XP level 5. HP: 30/42 MP: 8/8
  2701 | D:3      | Slain by an orc wizard

Action                   |  1- 3 |  4- 6 || total
-------------------------+-------+-------++-------
Melee: Trident           |   136 |    90 ||   226
Throw: Javelin           |       |     5 ||     5
       Throwing net      |       |     3 ||     3
  Use: Potion            |       |     5 ||     5
 Stab: Sleeping          |     3 |     3 ||     6
  Eat: Chunk             |     2 |     4 ||     6
